 Dungeon Crawl Stone Soup version 0.31-a0-1591-g515db51633 (webtiles) character file.

Game seed: 7201236175475042091

56 BigPumpCobain the Changeling (level 3, -2/27 HPs)
             Began as a Merfolk Shapeshifter on Jan 6, 2024.
             Succumbed to an adder's poison
             ... on level 2 of the Dungeon.
             The game lasted 00:02:27 (1263 turns).

BigPumpCobain the Changeling (Merfolk Shapeshifter) Turns: 1263, Time: 00:02:27

Health: -2/27      AC:  2    Str: 16    XL:     3   Next: 95%
Magic:  3/3        EV: 12    Int:  9    God:
Gold:   3          SH:  0    Dex: 13    Spells: 2/2 levels left

rFire   . .          .
                       - Unarmed
rCold   . . .        (no shield)
rNeg    . . .        a - +0 animal skin
rPois   .            (helmet currently unavailable)
rElec   .            (cloak currently unavailable)
rCorr   .            (gloves currently unavailable)
SInv    .            (boots currently unavailable)
Will    .....        (no amulet)
Stlth   +            (no ring)
HPRegen 0.24/turn    (no ring)
MPRegen 0.08/turn

%: no passive effects
@: lethally poisoned (-2 -> -16), beast-form
A: beast (slay +2), (nimble swimmer 2), mertail
a: Begin Untransformation


You were on level 2 of the Dungeon.
You were a hulking beast.
You visited 1 branch of the dungeon, and saw 2 of its levels.

You collected 3 gold pieces.

Inventory:

Armour
 a - a +0 animal skin (worn)
 l - a +2 helmet
 n - a +1 cloak
Talismans
 c - a beast talisman
 d - a flux talisman
Scrolls
 g - 2 scrolls of teleportation {unknown}
 i - a scroll of identify {unknown}
 j - 3 scrolls of blinking {unknown}
Potions
 b - a potion of lignification
 e - a potion of might {unknown}
 f - a potion of haste {unknown}
 h - a potion of curing {unknown}
 k - a potion of heal wounds {unknown}


   Skills:
 + Level 1.9 Fighting
 - Level 2.6 Dodging
 * Level 4.1 Unarmed Combat
 * Level 4.9 Shapeshifting


You had 2 spell levels left.
You didn't know any spells.
Your spell library was empty.

Dungeon Overview and Level Annotations

Branches:
Dungeon (2/15)

Altars:


Innate Abilities, Weirdness & Mutations

You are a hulking beast.
Your limbs bulge with bestial killing power. (Slay +2)
((You are very nimble when in or above water. (Stealth+, EV+, Speed+++)))
Your lower body shifts to a powerful aquatic tail in water.


Message History

You are caught in a web!
You are caught in a web!
You are caught in a web!
You are caught in a web!
You are caught in a web!
You are caught in a web!
You are caught in a web!
You are caught in a web!
You are caught in a web!
You are caught in a web!
You are caught in a web!
You are caught in a web!
You struggle to detach yourself from the web.
The adder bites you but does no damage. The ribbon worm bites you.
The adder bites you.
The web tears apart.
The adder bites you.
You are poisoned.
The adder poisons you! The ribbon worm misses you.
You hit the ribbon worm.
The ribbon worm is lightly wounded.
You feel sick. The adder bites you.
You are more poisoned.
The adder poisons you!
The ribbon worm bites you but does no damage.
You hit the ribbon worm.
The ribbon worm is moderately wounded.
You feel very sick. The adder bites you.
* * * LOW HITPOINT WARNING * * *
You hit the ribbon worm.
The ribbon worm is heavily wounded.
* * * LOW HITPOINT WARNING * * *
You feel sick. The adder bites you.
* * * LOW HITPOINT WARNING * * *
You are more poisoned.
The adder poisons you! The ribbon worm barely misses you. The adder bites you.
* * * LOW HITPOINT WARNING * * *
You completely miss the ribbon worm. You punch the ribbon worm.
The ribbon worm is severely wounded.
You die...

...................
.............>....
................##
.........<.#.....#
.>.....<...#...# ##.
..#...††))[....##....
######..#..........
#.##.##..)...#
#.#.⌠.#h†....#
#.##.##Sw....# ##
.#w......... .
..#....... ####.
.....#. ## .......
.....#. ......


You could see a ribbon worm and an adder.

Vanquished Creatures
  2 adders
  4 ball pythons (D:1)
  A bat (D:1)
  5 endoplasms
  2 giant cockroaches
  4 goblins (D:1)
  4 hobgoblins (D:1)
  3 jackals (D:1)
  2 quokkas (D:1)
  A frilled lizard (D:1)
  2 kobolds
  2 rats
32 creatures vanquished.

Notes
Turn   | Place    | Note
-------+----------+-------------------------------------------
     0 | D:1      | BigPumpCobain the Merfolk Shapeshifter began the quest for
                  | the Orb.
     0 | D:1      | Reached XP level 1. HP: 15/15 MP: 1/1
   145 | D:1      | Reached XP level 2. HP: 12/21 MP: 2/2
   258 | D:1      | Found a faded altar of an unknown god.
   810 | D:1      | Reached XP level 3. HP: 25/26 MP: 3/3
  1262 | D:2      | HP: 1/27 [adder (2)]
  1263 | D:2      | Succumbed to an adder's poison

Illustrated notes

Levels and vault maps discovered:
D:1:      dpeg_arrival_brainrot, layout_loops_corners,
          hellmonk_ecumenical_altar_crossroads, minmay_stone_trees_small,
          chequers_serial_rivers_micro_b
D:2:      layout_rooms, grunt_decor_one_mirror

Skill      XL: |  1  2  3 |
---------------+----------+-----
Unarmed Combat | 4 |  4.1
Fighting       | |  1.9
Dodging        | |  2.6
Shapeshifting  | |  4.9

Action                     || total
---------------------------++-------
  Melee: Unarmed           ||    92
         Punch             ||     3
 Armour: Animal skin       ||    58
  Dodge: Dodged            ||    58

Table legend: (Time is in decaauts)
 A = Elapsed time spent in this place.
 B = Non-inter-level travel time spent in this place.
 C = Inter-level travel time spent in this place.
 D = Time resting spent in this place.
 E = Time spent auto-exploring this place.
 F = Levels seen in this place.
 G = Mean time per level.
                   A        B        C        D        E       F      G
               +--------+--------+--------+--------+--------+-----+--------+
         Total |   1258 |   1123 |    135 |     77 |    854 |   2 |  629.0 |
       Dungeon |   1258 |   1123 |    135 |     77 |    854 |   2 |  629.0 |
               +--------+--------+--------+--------+--------+-----+--------+

Top non-repeatable levels by time:
     D:1: 1195 daAuts
     D:2: 63 daAuts
